 Dungeon Crawl Stone Soup version 0.31.0-9-g3a7656b989 (webtiles) character file.

Game seed: 1026406577396860833

503 qw the Shooter (level 6, -5/30 HPs)
             Began as a Spriggan Hunter on Feb 2, 2024.
             Slain by a gnoll sergeant
             ... wielding a +0 trident
              (13 damage)
             ... on level 5 of the Dungeon.
             The game lasted 00:00:10 (2467 turns).

qw the Shooter (Spriggan Hunter)                    Turns: 2467, Time: 00:00:11

Health: -5/30      AC:  2    Str:  7    XL:     6   Next: 96%
Magic:  7/7        EV: 22    Int: 10    God:
Gold:   229        SH:  0    Dex: 21    Spells: 5/5 levels left

rFire   . . .        a - +0 shortbow (heavy)
rCold   . . .        (shield currently unavailable)
rNeg    . . .        c - +0 robe
rPois   +            (helmet restricted)
rElec   .            (no cloak)
rCorr   .            (gloves unavailable)
SInv    +            (boots unavailable)
Will    +....        (no amulet)
Stlth   ++           g - ring of poison resistance
HPRegen 0.25/turn    (no ring)
MPRegen 0.10/turn

%: no passive effects
@: very quick
A: very small, no large weapons, unfitting armour, see invisible, speed 3
a: no special abilities


You were on level 5 of the Dungeon.
You visited 1 branch of the dungeon, and saw 5 of its levels.

You collected 229 gold pieces.


Innate Abilities, Weirdness & Mutations

You are very small and have problems with some larger weapons.
You are too small for most types of armour.
You have supernaturally acute eyesight. (SInv)
You cover ground extremely quickly. (Speed+++)


   Skills:
 - Level 2.0 Fighting
 + Level 6.9 Ranged Weapons
 - Level 6.3 Dodging
 - Level 1.5 Stealth


You had 5 spell levels left.
You didn't know any spells.
Your spell library was empty.

Inventory:

Hand Weapons
 a - a +0 heavy shortbow (weapon)
Armour
 b - the scarf of Benevolence {harm, Will- Dex+3}
   (You acquired it on level 2 of the Dungeon)

   Dex+3:     It affects your dexterity (+3).
   Will-:     It decreases your willpower.
 c - a +0 robe (worn)
Jewellery
 g - a ring of poison resistance (left hand)
Scrolls
 h - a scroll of enchant armour
Potions
 d - a potion of ambrosia {unknown}
 e - a potion of enlightenment
 f - a potion of heal wounds
 k - 4 potions of curing

Dungeon Overview and Level Annotations

Branches:
Dungeon (5/15)
 Temple: D:4-7

Altars:


Message History

The hound closely misses you.
2459 ||| RETREEEEATING.
Found a stone staircase leading up.
2460 ||| RETREEEEATING.
2461 ||| RETREEEEATING.
The hound attacks as it pursues you! The hound misses you.
You shoot an arrow. The arrow barely misses the hound.
The arrow closely misses the gnoll sergeant.
The hound completely misses you. The hound bites you.
The gnoll closely misses you.
You shoot an arrow. The arrow hits the hound.
The hound is severely wounded.
The hound completely misses you.
The gnoll hits you from afar with a +0 spear.
The gnoll sergeant hits you from afar with a +0 trident.
The hound barely misses you. The gnoll misses you.
The gnoll sergeant hits you from afar with a +0 trident.
The hound misses you.
You shoot an arrow. The arrow hits the hound.
The hound is almost dead.
The hound closely misses you. The gnoll misses you.
The gnoll sergeant barely misses you. The hound closely misses you.
You shoot an arrow. The arrow hits the hound.
The hound is almost dead.
The hound barely misses you. The gnoll completely misses you.
The gnoll sergeant misses you. The hound misses you.
The gnoll sergeant closely misses you.
You shoot an arrow. The arrow closely misses the hound.
The arrow closely misses the gnoll sergeant.
The arrow hits the gnoll.
The gnoll is moderately wounded.
The hound completely misses you. The hound closely misses you.
The gnoll sergeant completely misses you.
The gnoll sergeant hits you from afar with a +0 trident.
The hound misses you.
You shoot an arrow. The arrow hits the hound!
You kill the hound!
The gnoll sergeant hits you from afar with a +0 spear of flaming.
The gnoll sergeant burns you.
The gnoll sergeant hits you from afar with a +0 trident!
You die...

#...##. .^...g.
....... #.....##
..# # ##.g...##
...#
#.#...w...##....#
..#...##...........
..<....###..##...#
#...@%gg.....#
##!###g..#.###
#...###..### #
#......# ..
#..###.##
...#..#....##
........#..#
###........#
#.#.....##


You could see 2 gnoll sergeants and a gnoll.

Vanquished Creatures
  2 ogres (D:4)
  A bombardier beetle (D:4)
  2 hounds
  A jelly (D:4)
  Jessica (D:2)
  A sleepcap (D:4)
  An orc wizard (D:4)
  6 gnolls
  4 adders
  3 dart slugs
  5 orcs
  2 bats
  11 endoplasms
  3 giant cockroaches
  7 hobgoblins
  2 jackals (D:3)
  5 kobolds
  A quokka (D:1)
  5 ball pythons
  A frilled lizard (D:2)
  6 goblins
  5 rats
75 creatures vanquished.

Notes
Turn   | Place    | Note
-------+----------+-------------------------------------------
     0 | D:1      | qw the Spriggan Hunter began the quest for the Orb.
     0 | D:1      | Reached XP level 1. HP: 10/10 MP: 2/2
     0 | D:1      | 0 ||| qw: Version: 0.3-a-155-g5e7d8dd
     0 | D:1      | 0 ||| qw: Game counter: 249
     0 | D:1      | 0 ||| qw: Melee chars always use a shield: true
     0 | D:1      | 0 ||| qw: God list: Okawaru
     0 | D:1      | 0 ||| qw: Allow faded altars: false
     0 | D:1      | 0 ||| qw: Do Orc after clearing Dungeon:15 true
     0 | D:1      | 0 ||| qw: Do second Lair branch before Depths: true
     0 | D:1      | 0 ||| qw: Lair rune preference: random
     0 | D:1      | 0 ||| qw: Goals: Normal
     0 | D:1      | 0 ||| PLANNING D:1-11
    53 | D:1      | Reached skill level 3 in Dodging
   148 | D:1      | Reached XP level 2. HP: 14/14 MP: 3/3
   150 | D:1      | Found a faded altar of an unknown god.
   555 | D:1      | 555 ||| READING scroll labelled XAGHAZEOSHYCO.
   556 | D:1      | 556 ||| DROPPING scroll of butterflies.
   751 | D:2      | 751 ||| FLEEEEING.
   753 | D:2      | 753 ||| FLEEEEING.
   755 | D:2      | 755 ||| FLEEEEING.
   757 | D:2      | 757 ||| FLEEEEING.
   759 | D:2      | 759 ||| FLEEEEING.
   762 | D:2      | Reached XP level 3. HP: 17/18 MP: 4/4
   859 | D:2      | Noticed Jessica
   861 | D:2      | Killed Jessica
   890 | D:2      | Reached XP level 4. HP: 22/22 MP: 5/5
  1045 | D:2      | 1045 ||| READING 2 scrolls labelled KEGUIV IHUD.
  1045 | D:2      | 1045 ||| IDENTIFYING purple potion
  1046 | D:2      | 1046 ||| READING scroll of identify.
  1046 | D:2      | 1046 ||| IDENTIFYING blue potion
  1047 | D:2      | 1047 ||| READING scroll labelled ZOS WANLIOTECK.
  1087 | D:2      | 1087 ||| READING scroll labelled ELITUE ACUJE.
  1087 | D:2      | 1087 ||| ENCHANTING +0 shortbow.
  1088 | D:2      | 1088 ||| READING scroll labelled HEOWEC VINLOZ.
  1088 | D:2      | Identified a scroll of acquirement
  1088 | D:2      | 1088 ||| ACQUIRING scarf of Benevolence {harm, Will- Dex+3}
  1088 | D:2      | Acquired the scarf of Benevolence {harm, Will- Dex+3}
  1090 | D:2      | 1090 ||| DRINKING 2 smoky purple potions.
  1091 | D:2      | 1091 ||| DROPPING potion of magic.
  1159 | D:3      | 1159 ||| FLEEEEING.
  1160 | D:3      | 1160 ||| FLEEEEING.
  1161 | D:3      | 1161 ||| FLEEEEING.
  1162 | D:3      | 1162 ||| FLEEEEING.
  1166 | D:3      | 1166 ||| FLEEEEING.
  1167 | D:3      | 1167 ||| FLEEEEING.
  1325 | D:3      | 1325 ||| FLEEEEING.
  1637 | D:3      | 1637 ||| UPGRADING to ring of poison resistance.
  1638 | D:3      | 1638 ||| READING scroll of identify.
  1638 | D:3      | 1638 ||| IDENTIFYING bubbling blue potion
  1639 | D:3      | 1639 ||| READING scroll labelled OJEFOOVASENG.
  1639 | D:3      | 1639 ||| BRANDING +0 shortbow.
  1640 | D:3      | 1640 ||| DRINKING 3 yellow potions.
  1641 | D:3      | 1641 ||| DROPPING potion of lignification.
  1658 | D:4      | 1658 ||| STAIRDANCE
  1686 | D:4      | 1686 ||| STAIRDANCE
  1694 | D:3      | Reached XP level 5. HP: 10/26 MP: 6/6
  1760 | D:4      | 1760 ||| STAIRDANCE
  1772 | D:4      | 1772 ||| STAIRDANCE
  1903 | D:4      | Reached skill level 6 in Ranged Weapons
  2021 | D:4      | Noticed an ogre
  2024 | D:4      | Killed an ogre
  2025 | D:4      | Reached skill level 6 in Dodging
  2025 | D:4      | Reached XP level 6. HP: 30/30 MP: 7/7
  2119 | D:4      | 2119 ||| DRINKING 4 potions of curing.
  2119 | D:4      | 2119 ||| (to cure confusion)
  2440 | D:5      | Entered Level 5 of the Dungeon
  2458 | D:5      | 2458 ||| RETREEEEATING.
  2459 | D:5      | 2459 ||| RETREEEEATING.
  2460 | D:5      | 2460 ||| RETREEEEATING.
  2461 | D:5      | 2461 ||| RETREEEEATING.
  2467 | D:5      | Slain by a gnoll sergeant

Levels and vault maps discovered:
D:1:      minmay_arrival_jagged, layout_basic, ebering_ecumenical_altar_hall
D:2:      layout_rooms, uniq_jessica
D:3:      layout_rooms, nrook_campfire, minmay_distorted
D:4:      layout_basic, minmay_increasing_density
D:5:      layout_cave_pools, serial_gnoll_camp, gnoll_camp_medium_01,
          gnoll_camp_mini_basic, gnoll_camp_mini_hut, gnoll_camp_mini_basic,
          gnoll_camp_huts_basic

Skill      XL: |  1  2  3  4  5 |
---------------+----------------+-----
Dodging        | 3 4 5 6 |  6.3
Ranged Weapons | 5 6 |  6.9
Fighting       | 2 |  2.0
Stealth        | |  1.5

Action                     |  1- 3 |  4- 6 || total
---------------------------+-------+-------++-------
   Fire: Shortbow          |    62 |   136 ||   198
    Use: Scroll            |     1 |     7 ||     8
         Potion            |       |     3 ||     3
 Armour: Robe              |     5 |    26 ||    31
  Dodge: Dodged            |    20 |    79 ||    99

Table legend:
 A = Non-vault XP
 B = Vault XP
 C = Vault XP percentage of total XP
 D = Non-vault monster count
 E = Vault monster count
 F = Vault count percentage of total count
                 A         B        C        D         E       F
            +---------+---------+-------+---------+---------+-------
      Total |     475 |     287 |  37.7 |      61 |      14 |  18.7
            +---------+---------+-------+---------+---------+-------
        D:1 |      29 |       0 |   0.0 |      17 |       0 |   0.0
        D:2 |      41 |      37 |  47.4 |       9 |       1 |  10.0
        D:3 |      86 |      33 |  27.7 |      19 |       4 |  17.4
        D:4 |     319 |     174 |  35.3 |      16 |       8 |  33.3
        D:5 |       0 |      43 | 100.0 |       0 |       1 | 100.0
            +---------+---------+-------+---------+---------+-------
